 Dungeon Sprint DCSS version 0.21.1-1-g345015fe64 (webtiles) character file.

1046 Htamos the Basher (level 8, -2/59 HPs)
             Began as a Gargoyle Fighter on July 11, 2018.
             Slain by a deep troll (10 damage)
             ... in the Dungeon (Sprint I: "Red Sonja").
             The game lasted 00:02:32 (787 turns).

Htamos the Basher (Gargoyle Fighter)                 Turns: 787, Time: 00:02:33

Health: -2/59      AC: 13    Str: 22    XL:     8   Next: 25%
Magic:  8/8        EV:  8    Int:  9    God:
Gold:   270        SH: 10    Dex:  9    Spells: 7/7 levels left

rFire    . . .     SeeInvis .   a - +0 flail
rCold    . . .     Gourm    .   c - +0 shield
rNeg     + . .     Faith    .   b - +0 scale mail
rPois    ∞         Spirit   .   (no helmet)
rElec    +         Reflect  .   (no cloak)
rCorr    .         Harm     .   (no gloves)
MR       .....     NoTele   +   (no boots)
Stlth    ..........             (no amulet)
HPRegen  0.19/turn              (no ring)
MPRegen  0.11/turn              (no ring)

@: no status effects
A: negative energy resistance 1, electricity resistance, unbreathing,
petrification resistance, rot immunity, AC +5
a: no special abilities


You were in the Dungeon.
You were not hungry.

You visited 1 branch You collected 270 gold pieces.

Inventory:

Hand Weapons
 a - a +0 flail (weapon)
 m - a +2 short sword of draining
Armour
 b - a +0 scale mail (worn)
 c - a +0 shield (worn)
Scrolls
 j - 2 scrolls of enchant armour {unknown}
 k - a scroll of blinking
 l - a scroll of amnesia {unknown}
Potions
 d - a potion of might
 e - a potion of curing
 g - a potion of heal wounds
 h - a potion of haste
 i - 2 potions of magic
Comestibles
 f - 2 rations


   Skills:
 + Level 10.8 Fighting
 * Level 13.1 Maces & Flails
 + Level 6.1 Armour
 + Level 5.9 Shields


You had 7 spell levels left.
You didn't know any spells.

Dungeon Overview and Level Annotations

Branches:
Dungeon (1/1)

Altars:
Makhleb
Sif Muna
Vehumet
Wu Jian
Xom
Jiyva
Lugonu


Innate Abilities, Weirdness & Mutations

You are resistant to torment.
Your stone body is resilient. (AC +5)
You are immune to poison.
You resist negative energy. (rN+)
You are resistant to electric shocks. (rElec)
You can survive without breathing.
You are immune to petrification.
You are immune to rotting.


Message History

You block the deep troll's attack. x2
The deep troll claws you but does no damage.
You thump the deep troll!
The deep troll is severely wounded.
The deep troll bites you but does no damage.
You block the deep troll's attack. The deep troll claws you.
Your shield prevents you from hitting the deep troll.
The deep troll is severely wounded.
You hit the deep troll but do no damage.
The deep troll is severely wounded.
The deep troll bites you! The deep troll claws you.
* * * LOW HITPOINT WARNING * * *
The deep troll claws you.
* * * LOW HITPOINT WARNING * * *
You hit the deep troll but do no damage.
The deep troll is severely wounded.
You block the deep troll's attack. The deep troll claws you.
* * * LOW HITPOINT WARNING * * *
The deep troll claws you!
You die...

#..#####'#####'#__#
#..# #..# #.####§
#..# #### ##.#§§≈§
#..# #+#_.+≈§§ #⌠⌠#
+..._# #### #_(#'#
##(#.# ##)####+###
+.(@T$$.$$+
#...####### ##.##
#+#


You could see a deep troll.

Vanquished Creatures
  Sonja (D)
  A slime creature (D)
  Sigmund (D)
  An ogre (D)
  A jelly (D)
  Ijyb (D)
6 creatures vanquished.

Vanquished Creatures (others)
  A gargoyle (D)
1 creature vanquished.

Grand Total: 7 creatures vanquished

Notes
Turn   | Place    | Note
-------+----------+-------------------------------------------
     0 | D        | Htamos the Gargoyle Fighter began the quest for the Orb.
     0 | D        | Reached XP level 1. HP: 14/14 MP: 1/1
     1 | D        | Noticed Ijyb
    17 | D        | Killed Ijyb
    17 | D        | Reached skill level 5 in Fighting
    17 | D        | Reached skill level 4 in Maces & Flails
    17 | D        | Reached XP level 2. HP: 11/21 MP: 2/2
    17 | D        | Reached XP level 3. HP: 14/26 MP: 3/3
   159 | D        | Noticed an ogre
   165 | D        | Killed an ogre
   165 | D        | Reached skill level 7 in Maces & Flails
   165 | D        | Reached XP level 4. HP: 33/34 MP: 4/4
   171 | D        | Noticed Sigmund
   186 | D        | Killed Sigmund
   186 | D        | Reached skill level 9 in Maces & Flails
   186 | D        | Reached XP level 5. HP: 32/41 MP: 5/5
   186 | D        | Reached XP level 6. HP: 36/46 MP: 6/6
   279 | D        | Found a burning altar of Makhleb.
   279 | D        | Found a shimmering altar of Xom.
   279 | D        | Noticed a slime creature
   280 | D        | Found a viscous altar of Jiyva.
   280 | D        | Found a corrupted altar of Lugonu.
   288 | D        | HP: 2/69 [slime creature (11)]
   290 | D        | Killed a slime creature
   290 | D        | Reached skill level 11 in Maces & Flails
   290 | D        | Reached XP level 7. HP: 3/52 MP: 7/7
   527 | D        | Killed a gargoyle
   575 | D        | Found an ornate altar of the Wu Jian Council.
   575 | D        | Found a deep blue altar of Sif Muna.
   577 | D        | Found a radiant altar of Vehumet.
   598 | D        | Noticed Sonja
   643 | D        | Killed Sonja
   643 | D        | Reached skill level 10 in Fighting
   643 | D        | Reached skill level 13 in Maces & Flails
   643 | D        | Reached skill level 5 in Shields
   643 | D        | Reached XP level 8. HP: 33/59 MP: 8/8
   776 | D        | Noticed a deep troll
   787 | D        | Slain by a deep troll

Skill      XL: |  1  2  3  4  5  6  7 |
---------------+----------------------+-----
Fighting       | 5 7 9 10 | 10.8
Maces & Flails | 4 7 9 11 13 | 13.1
Armour         | 4 6 |  6.1
Shields        | 4 5 |  5.9

Action                   |  1- 3 |  4- 6 |  7- 9 || total
-------------------------+-------+-------+-------++-------
Melee: Flail             |    20 |    18 |    41 ||    79
  Use: Potion            |       |     1 |       ||     1
Armor: Scale mail        |     6 |     5 |    53 ||    64
Dodge: Dodged            |     6 |     2 |    15 ||    23
Block: Shield            |     6 |     2 |    40 ||    48
